 Dungeon Crawl Stone Soup version 0.27.1-2-g3b301248ec (webtiles) character file.

Game seed: 15250300500975502073

1145 Tyagj the Covered (level 8, 0/61 HPs)
             Began as a Demonspawn Fighter on Oct 1, 2021.
             Was an Initiate of Trog.
             Slain by a bullfrog skeleton (1 damage)
             ... on level 5 of the Dungeon.
             The game lasted 00:16:55 (5171 turns).

Tyagj the Covered (Demonspawn Fighter)              Turns: 5171, Time: 00:16:56

Health: 0/61       AC:  9    Str: 20      XL:     8   Next: 15%
Magic:  8/8        EV:  8    Int:  9      God:    Trog [......]
Gold:   98         SH: 14    Dex: 11 (12) Spells: 7/7 levels left

rFire    . . .     SeeInvis .   a - +0 flail
rCold    . . .     Faith    .   c - +5 kite shield
rNeg     . . .     Spirit   .   b - +0 scale mail
rPois    .         Reflect  .   (no helmet)
rElec    .         Harm     .   (no cloak)
rCorr    .         Rampage  .   (no gloves)
Will     .....                  (no boots)
Stlth    ..........             (no amulet)
HPRegen  0.20/turn              (no ring)
MPRegen  0.22/turn              (no ring)

@: no status effects
A: molten scales 1, magic regeneration
a: Renounce Religion


You were on level 5 of the Dungeon.
You worshipped Trog.
Trog was noncommittal.
You visited 2 branches of the dungeon, and saw 6 of its levels.

You collected 98 gold pieces.

Inventory:

Hand Weapons
 a - a +0 flail (weapon)
Armour
 b - a +0 scale mail (worn)
 c - a +5 kite shield (worn)
Scrolls
 e - 3 scrolls of amnesia
 i - a scroll of identify
 j - a scroll of magic mapping
Potions
 d - a potion of heal wounds {unknown}


   Skills:
 + Level 4.4 Fighting
 + Level 5.0 Maces & Flails
 + Level 5.2 Armour
 + Level 2.4 Dodging
 + Level 0.9 Stealth
 + Level 4.8 Shields


You had 7 spell levels left.
You didn't know any spells.
Your spell library was empty.

Dungeon Overview and Level Annotations

Branches:
Dungeon (5/15)             Temple (1/1) D:4

Altars:
Ashenzari
Cheibriados
Dithmenos
Elyvilon
Fedhas
Gozag
Hepliaklqana
Makhleb
Nemelex Xobeh
Okawaru
Qazlal
Ru
Trog
Uskayaw
Vehumet
Xom
Zin

Shops:
D:3 (


Innate Abilities, Weirdness & Mutations

You are partially covered in molten scales. (AC +2)
You regenerate magic rapidly.


Message History

The bullfrog skeleton hits you.
* * * LOW HITPOINT WARNING * * *
You block the centaur skeleton's attack.
The centaur skeleton kicks you.
* * * LOW HITPOINT WARNING * * *
The killer bee zombie hits you.
* * * LOW HITPOINT WARNING * * *
You block the bullfrog skeleton's attack.
You closely miss the killer bee zombie.
The killer bee zombie is heavily damaged.
You block the killer bee zombie's attack.
You block the centaur skeleton's attack.
The centaur skeleton kicks you but does no damage.
You block the killer bee zombie's attack.
The bullfrog skeleton hits you.
* * * LOW HITPOINT WARNING * * *
The centaur skeleton hits you.
* * * LOW HITPOINT WARNING * * *
The centaur skeleton kicks you but does no damage.
The centaur skeleton barely misses you. x2
The killer bee zombie hits you but does no damage.
You block the bullfrog skeleton's attack.
You block the centaur skeleton's attack.
The centaur skeleton kicks you.
* * * LOW HITPOINT WARNING * * *
You block the killer bee zombie's attack.
The centaur skeleton hits you but does no damage.
The centaur skeleton kicks you but does no damage.
You block the killer bee zombie's attack.
The killer bee zombie hits you.
* * * LOW HITPOINT WARNING * * *
The centaur skeleton hits you.
* * * LOW HITPOINT WARNING * * *
You block the centaur skeleton's attack.
The killer bee zombie hits you but does no damage.
You see here a fuming sapphire potion.
d - a fuming sapphire potion You block the killer bee zombie's attack.
The bullfrog skeleton hits you.
You die...

###.. ..# #.....
...# ##....###
....##.....#.##
.....##.##....# .#
##.......#...###..##
#.........#Z........
....?......Z@##....
...........Z........
.......)............
.#.........>......##
#........##.....##
........<.##..#....
...........######...
............# #.#
..............


You could see a killer bee zombie, a bullfrog skeleton and a centaur skeleton.

Vanquished Creatures
  The ghost of vandaahl the Cleaver, a novice MiMo of Trog (D:4)
  Sigmund (D:2)
  Eustachio (D:4)
  2 ogres
  2 centaurs (D:4)
  A gnoll shaman (D:4)
  Natasha (thrice) (D:2)
  4 gnolls (D:4)
  A worm (D:2)
  2 dart slugs
  2 orcs (D:4)
  4 bats
  5 endoplasms
  3 giant cockroaches (D:1)
  4 goblins
  7 hobgoblins
  5 quokkas
  3 ball pythons
  A frilled lizard (D:3)
  5 kobolds
  2 rats
  A butterfly (D:4)
60 creatures vanquished.

Notes
Turn   | Place    | Note
-------+----------+-------------------------------------------
     0 | D:1      | Tyagj the Demonspawn Fighter began the quest for the Orb.
     0 | D:1      | Reached XP level 1. HP: 18/18 MP: 1/1
   346 | D:1      | Gained mutation: You regenerate magic rapidly. [demonic
                  | ancestry]
   346 | D:1      | Reached XP level 2. HP: 24/24 MP: 2/2
   714 | D:1      | Found a faded altar of an unknown god.
   959 | D:1      | Reached XP level 3. HP: 16/29 MP: 3/3
  1325 | D:2      | Noticed Natasha
  1336 | D:2      | Killed Natasha
  1561 | D:2      | Noticed Natasha
  1573 | D:2      | Killed Natasha
  1574 | D:2      | Reached XP level 4. HP: 17/35 MP: 4/4
  1581 | D:2      | Noticed Natasha
  1647 | D:2      | Killed Natasha
  2044 | D:2      | Noticed Sigmund
  2060 | D:2      | Killed Sigmund
  2061 | D:2      | Reached skill level 1 in Dodging
  2061 | D:2      | Reached XP level 5. HP: 42/42 MP: 5/5
  2260 | D:2      | Reached XP level 6. HP: 48/48 MP: 6/6
  2278 | D:2      | You fall into a shaft and drop 1 floor!
  2364 | D:3      | Found a blossoming altar of Fedhas.
  2416 | D:3      | Found Qita's Antique Weapon Boutique.
  2974 | D:4      | Found a radiant altar of Vehumet.
  3048 | D:4      | Reached XP level 7. HP: 33/53 MP: 7/7
  3866 | D:4      | Found a large runed translucent door.
  3866 | D:4      | Noticed vandaahl's ghost (novice MiMo)
  3867 | D:4      | Found a large runed translucent door.
  4047 | D:4      | Killed vandaahl's ghost
  4456 | D:4      | Found a staircase to the Ecumenical Temple.
  4518 | Temple   | Entered the Ecumenical Temple
  4746 | D:4      | Noticed Eustachio
  4766 | D:4      | Killed Eustachio
  4767 | D:4      | Reached skill level 5 in Armour
  4767 | D:4      | Gained mutation: You are partially covered in molten
                  | scales. (AC +2) [demonic ancestry]
  4767 | D:4      | Reached XP level 8. HP: 26/61 MP: 8/8
  4959 | D:4      | Found a bloodstained altar of Trog.
  4959 | D:4      | Found an iron altar of Okawaru.
  4969 | D:4      | Became a worshipper of Trog the Wrathful
  5143 | D:5      | Entered Level 5 of the Dungeon
  5157 | D:5      | Reached skill level 5 in Maces & Flails
  5169 | D:5      | HP: 2/61 [killer bee zombie (5)]
  5171 | D:5      | Slain by a bullfrog skeleton

Illustrated notes

Levels and vault maps discovered:
D:1:      lightli_iron_boxes, layout_basic,
          shapermc_ecumenical_altar_mp_highgroup, wad_floor_pattern_1,
          minmay_door_square, minmay_tree_intersection
D:2:      layout_loops_ring, kennysheep_crisscross, minivault_4, uniq_sigmund,
          uniq_natasha
D:3:      layout_rooms, fedhas_altar_1, serial_shops, shop
D:4:      layout_loops_cross, lemuel_tele_altar,
          grunt_temple_overflow_bloody_war, minmay_temple_entry_butterflies,
          ebering_ghost_disaster_area, uniq_eustachio
D:5:      layout_cave_pools
Temple:   nicolae_temple_figure_eight

Skill      XL: |  1  2  3  4  5  6  7  8 |
---------------+-------------------------+-----
Shields        | 3 4 |  4.8
Armour         | 3 4 5 |  5.2
Maces & Flails | 2 3 4 5 |  5.0
Dodging        | 1 2 |  2.4
Fighting       | 4 |  4.4
Stealth        | |  0.9

Action                   |  1- 3 |  4- 6 |  7- 9 || total
-------------------------+-------+-------+-------++-------
Melee: Flail             |    96 |    62 |   137 ||   295
  Use: Potion            |     2 |     3 |     5 ||    10
       Scroll            |       |       |     7 ||     7
Armor: Scale mail        |    40 |    39 |    94 ||   173
       Skin              |       |       |    36 ||    36
Dodge: Dodged            |    27 |    36 |    79 ||   142
Block: Kite shield       |    57 |    39 |   147 ||   243
